 Dungeon Crawl Stone Soup version 0.31-a0-267-g3fc6992b3b (webtiles) character file.

Game seed: 11748605266919481270

66 qw the Shooter (level 4, 0/26 HPs)
             Began as a Gargoyle Hexslinger on July 14, 2023.
             Slain by an orc
             ... wielding a +0 hand axe of venom
              (4 damage)
             ... on level 3 of the Dungeon.
             The game lasted 00:00:38 (1451 turns).

qw the Shooter (Gargoyle Hexslinger)                Turns: 1451, Time: 00:00:39

Health: 0/26       AC:  9    Str:  8 (11) XL:     4   Next: 15%
Magic:  5/5        EV: 10    Int: 13 (14) God:
Gold:   169        SH:  0    Dex: 12 (14) Spells: 4/5 levels left

rFire   . . .        Y - +1 sling
rCold   . . .        (no shield)
rNeg    + . .        b - +0 ring mail
rPois   inf          (no helmet)
rElec   +            (no cloak)
rCorr   .            j - +0 pair of gloves
SInv    .            (no boots)
Will    .....        (no amulet)
Stlth   +            (no ring)
HPRegen 0.24/turn    (no ring)
MPRegen 0.09/turn

%: no passive effects
@: no status effects
A: sickness immunity, AC +3, negative energy resistance 1, electricity
resistance, torment resistance 1, petrification resistance
a: no special abilities


You were on level 3 of the Dungeon.
You visited 1 branch of the dungeon, and saw 3 of its levels.

You collected 169 gold pieces.


Innate Abilities, Weirdness & Mutations

You are immune to sickness and miasma.
Your stone body is resilient. (AC +3)
You are immune to poison.
You resist negative energy. (rN+)
You are resistant to electric shocks. (rElec)
You are resistant to unholy torment.
You are immune to petrification.


   Skills:
 - Level 2.0 Fighting
 - Level 4.0 Ranged Weapons
 + Level 0.0 Armour
 - Level 1.5 Dodging
 - Level 1.0 Spellcasting
 - Level 2.6 Hexes


You had 4 spell levels left.
You knew the following spells:

 Your Spells              Type           Power      Damage    Failure   Level
a - Slow                  Hex            28%        N/A       28%         1

Your spell library contained the following spells:

 Spells                   Type           Power      Damage    Failure   Level
 Inner Flame              Hex/Fire       4%         N/A       83%         3
 Portal Projectile        Hex/Tloc       8%         N/A       83%         3
 Cause Fear               Hex            3%         N/A       96%         4

Inventory:

Hand Weapons
 Y - a +1 sling (weapon)
Armour
 b - a +0 ring mail (worn)
 j - a +0 pair of gloves (worn)
Scrolls
 e - a scroll of identify
Potions
 d - a potion of cancellation
 f - a potion of curing {unknown}
 g - a potion of lignification {unknown}

Dungeon Overview and Level Annotations

Branches:
Dungeon (3/15)

Altars:


Message History

1445 ||| DRINKING potion of heal wounds.
You feel much better. The ball python barely misses you.
The ball python constricts you. The rat bites you but does no damage.
The orc hits you but does no damage. The orc closely misses you.
The orc wizard points at you and mumbles some strange words.
The magic dart hits you.
The ball python bites you but does no damage.
The ball python constricts you. The rat bites you but does no damage.
The orc hits you with a +0 hand axe of venom.
The orc hits you but does no damage.
You escape the ball python's grasp.
You blink.
Enter note:
Enter note: The orc wizard gestures at you while chanting.
The puff of flame hits you.
You feel less confused.
The ball python bites you but does no damage.
The ball python barely misses you.
You shoot a sling bullet.
The sling bullet closely misses the orc.
The ball python bites you but does no damage.
The ball python barely misses you. The rat bites you but does no damage.
The ball python closely misses you. x2
You shoot a sling bullet. The sling bullet hits the orc.
The orc is heavily wounded.
The ball python barely misses you. The ball python closely misses you.
The rat barely misses you. The orc closely misses you.
The orc wizard mumbles some strange words.
The orc wizard flickers and vanishes!
Deactivating autopickup; reactivate with Ctrl-A.
The ball python bites you but does no damage.
The ball python grabs you. The ball python constricts you.
The orc hits you but does no damage. Space warps around you.
The rat barely misses you.
The orc hits you with a +0 hand axe of venom.
You shoot a sling bullet. The sling bullet hits the ball python.
You kill the ball python!
The orc hits you with a +0 hand axe of venom.
You die...

##########
#....ro..#
#....{@..#
#..<..o..#
#..(.....#
#........#
#####.####
#.# ...
.... ...


You could see 2 orcs and a rat.

Vanquished Creatures
  2 adders (D:2)
  A worm (D:2)
  A dart slug (D:1)
  An orc (D:3)
  4 endoplasms
  A giant cockroach (D:2)
  4 hobgoblins
  A jackal (D:1)
  5 kobolds
  A quokka (D:1)
  A ball python (D:3)
  6 bats
  3 frilled lizards
  5 goblins
  7 rats
43 creatures vanquished.

Notes
Turn   | Place    | Note
-------+----------+-------------------------------------------
     0 | D:1      | qw the Gargoyle Hexslinger began the quest for the Orb.
     0 | D:1      | Reached XP level 1. HP: 12/12 MP: 2/2
     0 | D:1      | 0 ||| qw: Version: 0.3-a-52-g30416fa
     0 | D:1      | 0 ||| qw: Game counter: 7888
     0 | D:1      | 0 ||| qw: Melee chars always use a shield: true
     0 | D:1      | 0 ||| qw: God list: Okawaru
     0 | D:1      | 0 ||| qw: Allow faded altars: false
     0 | D:1      | 0 ||| qw: Do Orc after clearing Dungeon:15 true
     0 | D:1      | 0 ||| qw: Do second Lair branch before Depths: true
     0 | D:1      | 0 ||| qw: Lair rune preference: random
     0 | D:1      | 0 ||| qw: Goals: Normal
     0 | D:1      | 0 ||| PLANNING D:1-11
   117 | D:1      | Reached XP level 2. HP: 15/16 MP: 3/3
   208 | D:1      | Reached skill level 3 in Ranged Weapons
   500 | D:1      | Reached XP level 3. HP: 21/21 MP: 4/4
   788 | D:1      | 788 ||| DROPPING ring of wizardry.
   789 | D:1      | 789 ||| READING scroll labelled FUCHAM WIRECW.
   790 | D:1      | 790 ||| READING 3 scrolls labelled EMAILUGRIXKO.
   791 | D:1      | 791 ||| DRINKING 2 sedimented silvery potions.
   792 | D:1      | 792 ||| READING 2 scrolls of identify.
   792 | D:1      | 792 ||| IDENTIFYING green potion
   793 | D:1      | 793 ||| DROPPING scroll of poison.
   794 | D:1      | 794 ||| DROPPING potion of magic.
   795 | D:1      | 795 ||| DROPPING potion of degeneration.
   833 | D:2      | You fall into a shaft and drop 1 floor!
  1234 | D:2      | Reached XP level 4. HP: 25/26 MP: 5/5
  1295 | D:2      | Reached skill level 4 in Ranged Weapons
  1406 | D:2      | 1406 ||| UPGRADING to +0 ring mail.
  1416 | D:2      | 1416 ||| DROPPING +0 robe.
  1417 | D:2      | 1417 ||| UPGRADING to +0 pair of gloves.
  1422 | D:2      | 1422 ||| READING scroll labelled ONAERH VOCEABI.
  1423 | D:2      | 1423 ||| DRINKING 2 lumpy cyan potions.
  1424 | D:2      | 1424 ||| READING 3 scrolls of identify.
  1424 | D:2      | 1424 ||| IDENTIFYING orange potion
  1425 | D:2      | 1425 ||| READING 2 scrolls of identify.
  1425 | D:2      | 1425 ||| IDENTIFYING sapphire potion
  1426 | D:2      | 1426 ||| DROPPING potion of invisibility.
  1444 | D:3      | HP: 1/26 [orc/+1 hand axe of distortion (18)]
  1445 | D:3      | 1445 ||| DRINKING potion of heal wounds.
  1450 | D:3      | HP: 6/26 [orc/+1 hand axe of distortion (4)]
  1451 | D:3      | Slain by an orc

Levels and vault maps discovered:
D:1:      dpeg_arrival_brainrot, layout_loops_ring, hangedman_decor_push,
          kennysheep_decorative_pillar
D:2:      layout_rooms
D:3:      layout_basic, mainiacjoe_overflow_concentric_impassable,
          overflow_temple_1_default, serial_glass, glass_columns_b,
          glass_columns_a, uniq_pargi, uniq_grinder

Skill      XL: |  1  2  3  4 |
---------------+-------------+-----
Ranged Weapons | 3 4 |  4.0
Fighting       | 2 |  2.0
Dodging        | |  1.5
Spellcasting   | |  1.0
Hexes          | |  2.6

Action                     |  1- 3 |  4- 6 || total
---------------------------+-------+-------++-------
   Fire: Sling             |   130 |    12 ||   142
    Use: Scroll            |     3 |     3 ||     6
         Potion            |     1 |     2 ||     3
 Armour: Robe              |    15 |     1 ||    16
         Ring mail         |       |    16 ||    16
  Dodge: Dodged            |    38 |    15 ||    53

Table legend:
 A = Non-vault XP
 B = Vault XP
 C = Vault XP percentage of total XP
 D = Non-vault monster count
 E = Vault monster count
 F = Vault count percentage of total count
                 A         B        C        D         E       F
            +---------+---------+-------+---------+---------+-------
      Total |      94 |       2 |   2.1 |      42 |       1 |   2.3
            +---------+---------+-------+---------+---------+-------
        D:1 |      35 |       2 |   5.4 |      21 |       1 |   4.5
        D:2 |      50 |       0 |   0.0 |      16 |       0 |   0.0
        D:3 |       9 |       0 |   0.0 |       5 |       0 |   0.0
            +---------+---------+-------+---------+---------+-------
